 Dungeon Crawl Stone Soup version 0.23.2-1-ga50397a (webtiles) character file.

Game seed: 13809547228821529873

4 Goblin1989 the Gusty (level 1, 0/13 HPs)
             Began as a Demonspawn Air Elementalist on Apr 19, 2019.
             Slain by an orc wizard
             ... wielding a +2 dagger of draining
              (2 damage)
             ... on level 4 of the Dungeon on Apr 22, 2019.
             The game lasted 00:02:02 (129 turns).

Goblin1989 the Gusty (Demonspawn Air Elementalist)   Turns: 129, Time: 00:02:03

Health: 0/13       AC:  3    Str:  8    XL:     1   Next: 50%
Magic:  1/3        EV: 12    Int: 16    God:
Gold:   43         SH:  0    Dex: 13    Spells: 3/4 levels left

rFire    . . .     SeeInvis .   (no weapon)
rCold    . . .     Gourm    .   (no shield)
rNeg     . . .     Faith    .   a - +0 robe
rPois    .         Spirit   .   f - +0 helmet
rElec    .         Reflect  .   (no cloak)
rCorr    .         Harm     .   (no gloves)
MR       .....                  (no boots)
Stlth    +.........             (no amulet)
HPRegen  0.04/turn              (no ring)
MPRegen  0.08/turn              (no ring)

@: confused
A: no striking features
a: no special abilities


You were on level 4 of the Dungeon.
You were not hungry.

You visited 1 branch of the dungeon, and saw 4 of its levels.

You collected 43 gold pieces.

Inventory:

Armour
 a - a +0 robe (worn)
 f - a +0 helmet (worn)
Potions
 g - a potion of invisibility {unknown}
Comestibles
 e - a ration


   Skills:
 - Level 1.7 Dodging
 - Level 1.7 Stealth
 + Level 2.0 Spellcasting
 * Level 1.2 Conjurations
 * Level 2.8 Air Magic


You had 3 spell levels left.
You knew the following spells:

 Your Spells              Type           Power        Failure   Level  Hunger
a - Shock                 Conj/Air       #...         9%          1    #......

Your spell library contained the following spells:

 Spells                   Type           Power        Failure   Level  Hunger
 Swiftness                Chrm/Air       #.......     17%         2    ###....
 Static Discharge         Conj/Air       #.......     26%         3    ###....
 Airstrike                Air            ##........   54%         4    #####..
 Lightning Bolt           Conj/Air       #.........   94%         5    ######.


Dungeon Overview and Level Annotations

Branches:
Dungeon (4/15)
 Temple: D:4-7

Altars:


Message History

You can't see any susceptible monsters within range! (Use Z to cast anyway.)
You now have 33 gold pieces (gained 13).
You now have 43 gold pieces (gained 10).
MP restored: 3
f - a helmet Wear which item? (? for menu, Esc to quit)
You start putting on your armour.
You continue putting on your helmet. x4
You finish putting on your +0 helmet.
Found a stone staircase leading down.
There is a stone staircase leading down here.
You climb downwards.
There is a stone staircase leading up here.
A leopard gecko comes into view.
Casting: Shock (safe; 10% risk of failure)
Confirm with . or Enter, or press ? or * to list all spells.
Aiming: Shock (safe; 10% risk of failure)
Press: ? - help, Shift-Dir - straight line, f - leopard gecko
Aim: a leopard gecko (resting)
The zap hits the leopard gecko.
The leopard gecko is almost dead.
The leopard gecko hisses angrily.
You now have 2/3 mp.
Casting: Shock (safe; 10% risk of failure)
Confirm with . or Enter, or press ? or * to list all spells.
Aiming: Shock (safe; 10% risk of failure)
Press: ? - help, Shift-Dir - straight line, f/p - leopard gecko
Aim: a leopard gecko (almost dead)
The zap misses the leopard gecko.
You now have 1/3 mp.
Casting: Shock (safe; 10% risk of failure)
Confirm with . or Enter, or press ? or * to list all spells.
Aiming: Shock (safe; 10% risk of failure)
Press: ? - help, Shift-Dir - straight line, f/p - leopard gecko
Aim: a leopard gecko (almost dead)
The zap hits the leopard gecko.
You kill the leopard gecko!
You now have 0/3 mp.
Unknown command.
Found a stone staircase leading down.
A goblin comes into view.
You see here a pink potion.
g - a pink potion An orc comes into view.
It is wielding a +0 trident.
The orc shouts!
The goblin shouts!
You hear a shout!
An orc wizard comes into view. It is wielding a +0 dagger.
The orc wizard gestures wildly while chanting.
The orc wizard flickers and vanishes!
Deactivating autopickup; reactivate with Ctrl-A.
The goblin hits you. The orc hits you but does no damage.
There is a stone staircase leading down here.
You take 3 damage, and have 7/13 hp.
MASSIVE DAMAGE!!
The goblin closely misses you.
You climb downwards.
Reactivating autopickup.
An orc wizard comes into view. It is wielding a +2 dagger of draining.
There is a stone staircase leading up here.
Unknown command.
Casting: Shock (safe; 9% risk of failure)
Confirm with . or Enter, or press ? or * to list all spells.
Aiming: Shock (safe; 9% risk of failure)
Press: ? - help, Shift-Dir - straight line, f - goblin
Aim: a goblin The zap hits the goblin.
The goblin is heavily wounded.
The orc wizard shouts!
You hear a shout!
The goblin hits you but does no damage.
An orc wizard comes into view. It is wielding a +0 dagger.
The orc wizard casts a spell at you. The magic dart hits you.
* * * LOW HITPOINT WARNING * * *
The orc wizard shouts!
You take 5 damage, and have 2/13 hp.
MASSIVE DAMAGE!!
You now have 0/3 mp.
Unknown command.
Casting: Shock (safe; 9% risk of failure)
Confirm with . or Enter, or press ? or * to list all spells.
You don't have enough magic to cast that spell.
Unknown command.
You hit the goblin but do no damage.
The goblin is heavily wounded.
The goblin hits you but does no damage.
The orc wizard points at you and mumbles some strange words.
You are confused.
An orc comes into view. It is wielding a +0 mace.
The orc shouts!
An orc wizard comes into view. It is wielding a +0 dagger.
The orc wizard mumbles some strange words.
The orc wizard flickers and vanishes!
Deactivating autopickup; reactivate with Ctrl-A.
You bump into the rock wall.
The goblin closely misses you.
You closely miss the goblin.
The goblin is heavily wounded.
The goblin closely misses you.
You miss the goblin.
The goblin is heavily wounded.
The goblin hits you.
* * * LOW HITPOINT WARNING * * *
You take 1 damage, and have 2/13 hp.
You're too confused to move!
Something hits you.
You die...

. ...
█.████████o....
█.....g@.o█
.....█████.█
$.. █ .


You could see an orc wizard, an orc and a goblin.

Vanquished Creatures
  A leopard gecko (D:3)
  A bat (D:1)
  A rat (D:1)
3 creatures vanquished.

Notes
Turn   | Place    | Note
-------+----------+-------------------------------------------
     0 | D:1      | Goblin1989 the Demonspawn Air Elementalist began the quest
                  | for the Orb.
     0 | D:1      | Reached XP level 1. HP: 13/13 MP: 3/3
     0 | D:1      | Goblin1989: !hs dscm
     0 | D:1      | beem: 20338. dscm the Petrodigitator (L27 GrEE of Vehumet),
                  | killed by a guardian mummy's death curse on Zig:25 on
                  | 2018-07-23 10:12:28, with 1242070 points after 103890 turns
                  | and 12:44:53.
     0 | D:1      | Goblin1989: !hs dscm -log
     0 | D:1      | beem: 20339. dscm, XL27 GrEE, T:103890:
                  | https://crawl.xtahua.com/crawl/morgue/dscm/morgue-dscm-2018
                  | 0723-101228.txt
   119 | D:3      | Noticed an orc wizard
   122 | D:4      | Noticed an orc wizard
   123 | D:4      | Noticed an orc wizard
   125 | D:4      | Noticed an orc wizard
   129 | D:4      | Slain by an orc wizard

Action                   || total
-------------------------++-------
Melee: Unarmed           ||     3
 Cast: Shock             ||     7
Armor: Robe              ||     3
Dodge: Dodged            ||     7

Levels and vault maps discovered:
D:1:      dpeg_arrival_tiny_a, layout_loops_ring
D:2:      layout_loops_ring, minmay_joined_circles, uniq_robin, uniq_jessica
D:3:      layout_basic, first_ration, uniq_terence
D:4:      layout_basic, uniq_duvessa
